 Dungeon Crawl Stone Soup version 0.31-a0-925-g0a390f2509 (webtiles) character file.

Game seed: 14234931210971886553

24665 LadyBoffin the Markskobold (level 13, -7/68 HPs)
             Began as a Kobold Hexslinger on Oct 18, 2023.
             Was a High Priest of Elyvilon.
             Mangled by a sun demon (24 damage)
             ... summoned by an orc sorcerer
             ... on level 2 of the Orcish Mines on Oct 19, 2023.
             The game lasted 02:52:23 (16706 turns).

LadyBoffin the Markskobold (Kobold Hexslinger)     Turns: 16706, Time: 02:52:24

Health: -7/68      AC: 12    Str: 11    XL:     13   Next: 44%
Magic:  28/28      EV: 20    Int: 16    God:    Elyvilon [*****.]
Gold:   1048       SH:  0    Dex: 21    Spells: 13/34 levels left

rFire   . . .        a - +3 sling (elec)
rCold   . . .        (no shield)
rNeg    . . .        J - +2 acid dragon scales
rPois   +            k - +0 helmet
rElec   .            n - +0 cloak
rCorr   +            j - +0 pair of gloves
SInv    .            (no boots)
Will    .....        h - amulet of regeneration
Stlth   ++++         v - ring of poison resistance
HPRegen 1.11/turn    K - +6 ring of strength
MPRegen 0.21/turn

%: no passive effects
@: no status effects
A: small, no large weapons, nightstalker 3
a: Renounce Religion, Purification, Heal Other, Heal Self, Divine Vigour


You were on level 2 of the Orcish Mines.
You worshipped Elyvilon.
Elyvilon was extremely pleased with you.
You visited 4 branches of the dungeon, and saw 18 of its levels.
You also visited: Sewer.

You collected 1065 gold pieces.
You donated 17 gold pieces to Zin.

Inventory:

Hand Weapons
 a - a +3 sling of electrocution (weapon)
 q - a +0 orcbow of draining
 u - a +0 dagger of holy wrath
 C - a +2 scimitar of flaming
 Q - a +4 falchion of holy wrath
Missiles
 d - 3 throwing nets
Armour
 c - a +0 robe
 e - a +0 buckler
 j - a +0 pair of gloves (worn)
 k - a +0 helmet (worn)
 l - a +0 leather armour
 n - a +0 cloak (worn)
 I - a +0 barding
 J - +2 acid dragon scales (worn)
 M - +0 steam dragon scales
Magical Staves
 E - a staff of earth
Jewellery
 h - an amulet of regeneration (around neck)
 m - a ring of fire
 v - a ring of poison resistance (left hand)
 x - a ring of flight
 K - a +6 ring of strength (right hand)
 L - an amulet of magic regeneration
Wands
 g - a wand of flame (67)
 r - a wand of iceblast (14)
 t - a wand of polymorph (3)
 w - a wand of paralysis (3)
 F - a wand of digging (15)
Scrolls
 b - 3 scrolls of poison
 o - 4 scrolls of noise
 y - 3 scrolls of fog
 z - a scroll of silence
 A - 2 scrolls of identify
 G - a scroll of amnesia
 H - a scroll of immolation
 P - a scroll of vulnerability
Potions
 f - a potion of might
 p - 4 potions of mutation
 s - 3 potions of degeneration
 B - a potion of haste
 D - 2 potions of lignification
 N - 2 potions of brilliance
 O - a potion of berserk rage


   Skills:
 - Level 3.2 Fighting
 - Level 16.0 Ranged Weapons
 + Level 3.0 Armour
 + Level 9.7 Dodging
 + Level 4.0 Stealth
 - Level 0.2 Shields
 * Level 11.1 Spellcasting
 * Level 2.0 Conjurations
 + Level 8.3 Hexes
 - Level 4.9 Translocations
 + Level 1.0 Fire Magic
 - Level 0.6 Ice Magic
 - Level 2.7 Earth Magic
 + Level 1.1 Invocations
 + Level 4.0 Evocations


You had 13 spell levels left.
You knew the following spells:

 Your Spells              Type           Power      Damage    Failure   Level
a - Jinxbite              Hex            70%        N/A       1%          2
b - Ensorcelled Hibernat  Hex/Ice        46%        N/A       3%          2
c - Sigil of Binding      Hex            35%        N/A       1%          3
d - Tukima's Dance        Hex            35%        N/A       1%          3
e - Dimensional Bullseye  Hex/Tloc       15%        N/A       8%          4
f - Cause Fear            Hex            17%        N/A       4%          4
g - Dazzling Flash        Conj/Hex       50%        N/A       4%          3

Your spell library contained the following spells:

 Spells                   Type           Power      Damage    Failure   Level
 Sandblast                Erth           34%        2d9       4%          1
 Inner Flame              Hex/Fire       23%        N/A       5%          3
 Passwall                 Tmut/Erth      10%        N/A       11%         2
 Stone Arrow              Conj/Erth      32%        3d9       14%         3
 Iskenderun's Mystic Bla  Conj/Tloc      20%        2d6       28%         4
 Swiftness                Air            8%         N/A       36%         3
 Silence                  Hex/Air        11%        N/A       52%         5
 Animate Armour           Summ/Erth      26%        N/A       56%         4
 Lee's Rapid Deconstruct  Erth           8%         3d7*      73%         5
 Olgreb's Toxic Radiance  Pois           8%         N/A       77%         4
 Summon Lightning Spire   Summ/Air       8%         N/A       77%         4
 Borgnjor's Vile Clutch   Necr/Erth      6%         N/A       88%         5
 Agony                    Necr           8%         N/A       98%         5
 Alistair's Intoxication  Tmut/Pois      5%         N/A       98%         5
 Bombard                  Conj/Erth      8%         9d2       100%        6
 Eringya's Noxious Bog    Tmut/Pois      4%         4d6       100%        6
 Discord                  Hex            17%        N/A       100%        8
 Ignition                 Fire           6%         3d4       100%        8
 Summon Horrible Things   Summ           4%         N/A       100%        8


Dungeon Overview and Level Annotations

Branches:
Dungeon (11/15)            Temple (1/1) D:5            Lair (4/5) D:9
  Swamp (0/4) Lair:3        Snake (0/4) Lair:3          Orc (2/2) D:10
    Elf (0/3) Orc:2         Sewer (visited)
  Slime: Lair:4-5

Altars:
Ashenzari
Cheibriados
Dithmenos
Elyvilon
Fedhas
Gozag
Hepliaklqana
Kikubaaqudgha
Makhleb
Nemelex Xobeh
Okawaru
Qazlal
Ru
Sif Muna
Trog
Uskayaw
Vehumet
Wu Jian
Xom
Yredelemnul
Zin
The Shining One

Shops:
D:6 :

Annotations:
D:2 Terence
Lair:1 2 transporters


Innate Abilities, Weirdness & Mutations

You are small and have problems with some larger weapons.
You are completely attuned to the shadows.


Message History

You shoot a sling bullet.
The sling bullet closely misses the orc sorcerer.
The sling bullet closely misses the sun demon.
Fire: a) +3 sling (elec)
Press: ? - help, Shift-Dir - straight line, f/p - orc sorcerer
Aim: an orc sorcerer, wielding a +0 dagger and wearing a +0 robe (lightly wounded, 66% to hit)
You shoot a sling bullet.
The sling bullet closely misses the orc sorcerer.
The sling bullet hits the sun demon.
The sun demon is lightly wounded.
The orc sorcerer hits you but does no damage.
Fire: a) +3 sling (elec)
Press: ? - help, Shift-Dir - straight line, f/p - orc sorcerer
Aim: an orc sorcerer, wielding a +0 dagger and wearing a +0 robe (lightly wounded, 66% to hit)
You shoot a sling bullet. The sling bullet hits the orc sorcerer.
The orc sorcerer is lightly wounded.
The orc sorcerer closely misses you.
Fire: a) +3 sling (elec)
Press: ? - help, Shift-Dir - straight line, f/p - orc sorcerer
Aim: an orc sorcerer, wielding a +0 dagger and wearing a +0 robe (lightly wounded, 66% to hit)
You shoot a sling bullet. The sling bullet hits the orc sorcerer.
The orc sorcerer is moderately wounded.
The sun demon hits you!
You are engulfed in flames!!
The orc sorcerer barely misses you.
Fire: a) +3 sling (elec)
Press: ? - help, Shift-Dir - straight line, f/p - orc sorcerer
Aim: an orc sorcerer, wielding a +0 dagger and wearing a +0 robe (moderately wounded, 66% to hit)
You shoot a sling bullet.
The sling bullet closely misses the orc sorcerer.
The sun demon misses you.
Fire: a) +3 sling (elec)
Press: ? - help, Shift-Dir - straight line, f/p - orc sorcerer
Aim: an orc sorcerer, wielding a +0 dagger and wearing a +0 robe (moderately wounded, 66% to hit)
You shoot a sling bullet. The sling bullet hits the orc sorcerer.
The orc sorcerer is moderately wounded.
The orc sorcerer points at you and mumbles some strange words.
The bolt of fire hits you!!
* * * LOW HITPOINT WARNING * * *
The sun demon hits you!!
You die...

.....#..#..## #.................
..#.........####...#.............
..#........###..#...##..#........
#.##.#......#........###.........
##..........##.........#........#
.###.#...........................
_# ###....#.#........).))........
.# ####..........3.......[.......
####.#..........@o..............#
###..........##################..
.###.#.......# #.. ..######.....#
#.. ... ##.......# #.. ..#
#........# #.. ### #........# #..
# ##.......# #.. ##........# .o.#
#.##..


You could see a sun demon (summoned) and an orc sorcerer.

Vanquished Creatures
  Erica (D:10)
  3 two-headed ogres
  A death yak (Lair:2)
  An orc high priest (Orc:2)
  An orc sorcerer (Orc:2)
  2 cyclopes
  5 elephants (Lair:2)
  2 black mambas
  2 cane toads
  5 komodo dragons
  A rime drake (Lair:2)
  A troll (D:9)
  A polar bear (Lair:2)
  A hornet (D:9)
  21 blink frogs
  Sigmund (D:3)
  A shadow (D:8)
  16 yaks
  2 wyverns
  2 basilisks
  4 steam dragons
  Menkaure (D:5)
  A warg (D:10)
  6 water moccasins
  An acid dragon (D:9)
  4 nagas (Lair:3)
  Duvessa (D:7)
  7 orc warriors
  A sky beast (D:7)
  2 black bears
  6 ogres
  A centaur (D:9)
  12 wolves
  A phantom (D:4)
  4 kobold brigands
  8 bullfrogs
  A gnoll sergeant (D:7)
  A scorpion (Lair:2)
  4 wights (D:9)
  Dowan (D:7)
  4 killer bees
  4 howler monkeys
  2 hounds
  10 orc priests
  Ijyb (D:3)
  5 iguanas
  2 hell rats (Lair:3)
  10 orc wizards
  Robin (D:2)
  7 gnolls
  8 river rats
  10 adders
  A shadow imp (D:8)
  A white imp (D:7)
  2 ufetubi (D:6)
  4 worms
  2 dart slugs
  46 orcs
  5 endoplasms
  6 giant cockroaches
  20 goblins
  6 hobgoblins
  17 jackals
  4 quokkas
  9 ball pythons
  6 bats
  2 frilled lizards (D:1)
  10 kobolds
  3 rats
  2 butterflies (D:10)
347 creatures vanquished.

Vanquished Creatures (collateral kills)
  An orc knight (D:10)
  3 orc warriors
  An orc (D:10)
5 creatures vanquished.

Vanquished Creatures (others)
  3 dancing weapons
3 creatures vanquished.

Grand Total: 355 creatures vanquished

Notes
Turn   | Place    | Note
-------+----------+-------------------------------------------
     0 | D:1      | LadyBoffin the Kobold Hexslinger began the quest for the
                  | Orb.
     0 | D:1      | Reached XP level 1. HP: 12/12 MP: 2/2
   146 | D:1      | Reached skill level 3 in Ranged Weapons
   220 | D:1      | Reached XP level 2. HP: 16/16 MP: 3/3
   571 | D:1      | Reached XP level 3. HP: 20/20 MP: 4/4
  1010 | D:2      | Noticed Robin
  1072 | D:3      | Noticed Ijyb
  1089 | D:2      | Killed Robin
  1090 | D:2      | Reached skill level 4 in Ranged Weapons
  1121 | D:2      | Reached XP level 4. HP: 19/25 MP: 5/5
  1192 | D:2      | Learned a level 2 spell: Jinxbite
  1860 | D:2      | Noticed Terence
  2141 | D:3      | Reached skill level 1 in Stealth
  2188 | D:3      | Reached skill level 5 in Ranged Weapons
  2188 | D:3      | Reached XP level 5. HP: 26/29 MP: 6/6
  2341 | D:3      | Noticed Sigmund
  2371 | D:3      | Found a faded altar of an unknown god.
  2722 | D:3      | Found a glowing golden altar of the Shining One.
  2850 | D:4      | Identified the of Seytic
  3371 | D:4      | Reached XP level 6. HP: 35/35 MP: 7/7
  3526 | D:4      | Reached skill level 6 in Ranged Weapons
  3916 | D:4      | Reached skill level 7 in Ranged Weapons
  4027 | D:4      | Reached XP level 7. HP: 40/40 MP: 10/10
  4372 | D:3      | Killed Ijyb
  4388 | D:3      | Killed Sigmund
  4389 | D:3      | Reached skill level 8 in Ranged Weapons
  4425 | D:5      | Entered Level 5 of the Dungeon
  4479 | D:5      | Found a staircase to the Ecumenical Temple.
  4496 | D:5      | Reached XP level 8. HP: 44/44 MP: 12/12
  4500 | Temple   | Entered the Ecumenical Temple
  4548 | Temple   | Became a worshipper of Zin the Law-Giver
  4548 | Temple   | Reached * piety under Zin
  4571 | Temple   | Fell from the grace of Zin
  4571 | Temple   | Became a worshipper of Elyvilon the Healer
  4623 | D:5      | Reached skill level 9 in Ranged Weapons
  4642 | D:5      | Found a glowing drain.
  4646 | Sewer    | Entered a sewer
  4929 | Sewer    | Reached skill level 10 in Ranged Weapons
  5522 | D:5      | Noticed Menkaure
  5532 | D:5      | Killed Menkaure
  5629 | D:5      | Found a shimmering blue altar of Sif Muna.
  5794 | D:6      | Found an ancient bone altar of Kikubaaqudgha.
  5880 | D:6      | Reached * piety under Elyvilon
  6155 | D:6      | Found an opulent altar of Gozag.
  6232 | D:6      | Found Eruff's Book Emporium.
  6240 | D:6      | Learned a level 2 spell: Ensorcelled Hibernation
  6377 | D:6      | Reached skill level 11 in Ranged Weapons
  6377 | D:6      | Reached XP level 9. HP: 48/48 MP: 15/15
  6379 | D:6      | Reached skill level 1 in Evocations
  6597 | D:7      | Noticed a two-headed ogre
  6609 | D:7      | Killed a two-headed ogre
  6610 | D:7      | Reached skill level 12 in Ranged Weapons
  6610 | D:7      | Reached skill level 5 in Dodging
  6663 | D:7      | Reached skill level 5 in Spellcasting
  6685 | D:8      | HP: 1/48 [something] (7)]
  6688 | D:9      | Reached ** piety under Elyvilon
  6764 | D:9      | Noticed a troll
  6779 | D:9      | Killed a troll
  6806 | D:9      | Found a staircase to the Lair.
  6818 | Lair:1   | Entered Level 1 of the Lair of Beasts
  6822 | Lair:1   | Noticed a blink frog
  6823 | Lair:1   | Noticed a blink frog
  6870 | D:9      | Reached XP level 10. HP: 53/53 MP: 17/17
  6901 | D:9      | Reached skill level 13 in Ranged Weapons
  7069 | D:8      | Reached skill level 1 in Armour
  7170 | D:8      | Found a hazy altar of Hepliaklqana.
  7174 | D:8      | Found an ornate altar of the Wu Jian Council.
  7177 | D:8      | Found a blossoming altar of Fedhas.
  7380 | D:8      | Reached skill level 14 in Ranged Weapons
  7793 | D:7      | Found a shadowy altar of Dithmenos.
  7914 | D:7      | Noticed Dowan
  7914 | D:7      | Noticed Duvessa
  7922 | D:7      | Killed Dowan
  7932 | D:7      | Killed Duvessa
  8059 | D:7      | Found a hide-covered altar of Uskayaw.
  8428 | D:9      | Reached *** piety under Elyvilon
  8430 | D:9      | Identified the +5 plate armour of Good Intentions {rPois
                  | rF- Str-2 Dex+4}
  8820 | D:9      | Found an iron altar of Okawaru.
  8911 | D:9      | Learned a level 3 spell: Sigil of Binding
  9201 | D:9      | Found a sacrificial altar of Ru.
  9250 | D:10     | Entered Level 10 of the Dungeon
  9291 | D:10     | Found a burning altar of Makhleb.
  9316 | D:10     | Noticed a two-headed ogre
  9323 | D:10     | Killed a two-headed ogre
  9324 | D:10     | Reached skill level 15 in Ranged Weapons
  9324 | D:10     | Reached skill level 5 in Hexes
  9546 | D:10     | Noticed a two-headed ogre
  9645 | D:10     | Found a shimmering altar of Xom.
  9676 | D:10     | Found a sparkling altar of Nemelex Xobeh.
  9803 | D:10     | Reached XP level 11. HP: 57/57 MP: 19/19
  9850 | D:10     | Reached **** piety under Elyvilon
  9859 | D:10     | Found a staircase to the Orcish Mines.
 10115 | D:10     | Found a stormy altar of Qazlal.
 10351 | D:10     | Killed a two-headed ogre
 10352 | D:10     | Reached skill level 1 in Earth Magic
 10372 | D:10     | Found a radiant altar of Vehumet.
 10718 | D:10     | Learned a level 3 spell: Tukima's Dance
 10756 | Lair:5   | Identified the "Roimegogh"
 10756 | Orc:1    | Entered Level 1 of the Orcish Mines
 10785 | Orc:1    | Noticed an orc knight
 11083 | Lair:1   | Found a transporter.
 11109 | Lair:1   | Noticed a death yak
 11109 | Lair:1   | Noticed a death yak
 11109 | Lair:1   | Noticed a death yak
 11110 | Lair:1   | Noticed a death yak
 11111 | Lair:1   | Noticed a death yak
 11111 | Lair:1   | Noticed a death yak
 11273 | Lair:1   | Learned a level 4 spell: Dimensional Bullseye
 11495 | Lair:1   | Reached skill level 1 in Translocations
 11544 | Lair:1   | Learned a level 4 spell: Cause Fear
 11578 | Lair:2   | Killed a death yak
 11579 | Lair:2   | Reached XP level 12. HP: 52/62 MP: 23/23
 11661 | Lair:2   | Reached ***** piety under Elyvilon
 12573 | Lair:2   | Elyvilon protects you from harm!
 13282 | Lair:3   | Identified the +3 ring mail of Vefun {Str+3}
 13403 | Lair:3   | Found a staircase to the Swamp.
 14013 | Lair:3   | Found a staircase to the Snake Pit.
 14570 | Lair:2   | Reached XP level 13. HP: 68/68 MP: 24/26
 14586 | Lair:2   | Learned a level 3 spell: Dazzling Flash
 14627 | Lair:2   | Reached skill level 10 in Spellcasting
 14799 | Lair:2   | Reached skill level 16 in Ranged Weapons
 15203 | Lair:1   | Found a transporter.
 15525 | Orc:1    | Noticed Erica
 15568 | D:10     | Killed Erica
 15569 | D:10     | Reached skill level 1 in Conjurations
 15569 | D:10     | Reached skill level 1 in Invocations
 15748 | Orc:2    | Entered Level 2 of the Orcish Mines
 15897 | Orc:2    | Elyvilon protects you from harm!
 16479 | Orc:2    | Found a staircase to the Elven Halls.
 16706 | Orc:2    | Mangled by a sun demon

Illustrated notes

Levels and vault maps discovered:
D:1:      tekkud_arrival_beachfront_property, layout_loops_ring,
          chequers_serial_rivers_large_b
D:2:      minmay_roachtagon, layout_loops_cross, uniq_robin, uniq_terence
D:3:      layout_basic, tso_metal_star, basic_ecumenical_altar,
          kennysheep_nondescript, uniq_crazy_yiuf_cottage, uniq_ijyb,
          uniq_sigmund
D:4:      layout_loops_ring, serial_bayou_pond_a
D:5:      layout_rooms, lemuel_round_altar, minmay_temple_entry_stoned_glass,
          gup_sewer_entry_bowl, uniq_menkaure
D:6:      layout_basic, mainiacjoe_overflow_alcove_4, kiku_gazebo_garden_becter,
          serial_shops, shop
D:7:      layout_rooms, eat_drink_and_be_merry_uskayaw,
          nicolae_dithmenos_through_a_glass_darkly, uniq_duvessa
D:8:      layout_loops_ring, grunt_temple_overflow_open
D:9:      layout_irregular_city, nicolae_ru_the_path_less_chosen,
          okawaru_trees_1, lair_entry_dummy, enter_bailey_3
D:10:     layout_basic, lemuel_tele_altar, xom_butterflies,
          mainiacjoe_overflow_cross_hatched, marbit_many_paths,
          mainiacjoe_overflow_brackets, orc_0_dummy
D:11:     layout_irregular_city
Temple:   nicolae_temple_stand_before_the_council
Lair:1:   gammafunk_cloud_chamber, layout_gridlike
Lair:2:   layout_long_grid
Lair:3:   layout_cave_pods, swamp_mist, minmay_snake_entry_guardpost_medium,
          minivault_19, kennysheep_rathole
Lair:4:   layout_gridlike, evilmike_ambush [evilmike_ambush_outer_basic,
          evilmike_ambush_inner_basic], infiniplex_staircase_pool_2,
          serial_bayou_shore_b, grunt_megastairs_1
Orc:1:    layout_diamond_mine, uniq_nergalle, uniq_erica
Orc:2:    st_orc_elflike, layout_caves, gauntlet_entry_generic,
          kennysheep_orc_chapel

Skill      XL: |  1  2  3  4  5  6  7  8  9 10 11 12 13 |
---------------+----------------------------------------+-----
Ranged Weapons | 3 4 5 7 8 11 12 15 16 | 16.0
Dodging        | 3 4 5 6 7 9 |  9.7
Stealth        | 1 2 3 4 |  4.0
Fighting       | 2 3 |  3.2
Spellcasting   | 2 4 5 7 9 11 | 11.1
Evocations     | 2 3 4 |  4.0
Hexes          | 4 5 7 8 |  8.3
Armour         | 2 3 |  3.0
Earth Magic    | 2 |  2.7
Translocations | 1 4 |  4.9
Conjurations   | 2 |  2.0
Invocations    | 1 |  1.1
Shields        | |  0.2
Fire Magic     | |  1.0
Ice Magic      | |  0.6

Action                     |  1- 3 |  4- 6 |  7- 9 | 10-12 | 13-15 || total
---------------------------+-------+-------+-------+-------+-------++-------
   Fire: Sling             |    98 |   151 |       |   728 |   244 ||  1221
         Orcbow            |       |    62 |   234 |    64 |       ||   360
   Cast: Jinxbite          |       |     1 |     1 |     8 |       ||    10
         Ensorcelled Hiber |       |       |       |    25 |     1 ||    26
         Sigil of Binding  |       |       |       |     4 |     1 ||     5
         Dimensional Bulls |       |       |       |     5 |       ||     5
         Cause Fear        |       |       |       |     4 |     6 ||    10
         Tukima's Dance    |       |       |       |     1 |    17 ||    18
         Dazzling Flash    |       |       |       |       |     1 ||     1
 Invoke: Heal Self         |       |       |       |       |     6 ||     6
  Evoke: Wand              |       |       |    14 |     9 |     2 ||    25
    Use: Potion            |     4 |       |     2 |     4 |     2 ||    12
         Scroll            |     1 |     5 |     8 |    18 |     4 ||    36
 Armour: Robe              |    39 |    27 |       |       |       ||    66
         Leather armour    |       |    34 |   111 |       |       ||   145
         Acid dragon scale |       |       |       |   307 |    96 ||   403
  Dodge: Dodged            |    49 |   116 |   172 |   493 |   142 ||   972
  Block: Buckler           |       |     7 |       |       |       ||     7

Table legend: (Time is in decaauts)
 A = Elapsed time spent in this place.
 B = Non-inter-level travel time spent in this place.
 C = Inter-level travel time spent in this place.
 D = Time resting spent in this place.
 E = Time spent auto-exploring this place.
 F = Levels seen in this place.
 G = Mean time per level.
                   A        B        C        D        E       F      G
               +--------+--------+--------+--------+--------+-----+--------+
         Total |  16755 |  13788 |   2967 |   1415 |   6526 |  19 |  881.8 |
       Dungeon |  10406 |   8762 |   1644 |    762 |   4844 |  11 |  946.0 |
        Temple |     86 |     42 |     44 |      0 |      0 |   1 |   86.0 |
          Lair |   4258 |   3329 |    929 |    484 |   1194 |   4 | 1064.5 |
  Orcish Mines |   1172 |    822 |    350 |    153 |     21 |   2 |  586.0 |
         Sewer |    831 |    831 |      0 |     15 |    467 |   1 |  831.0 |
               +--------+--------+--------+--------+--------+-----+--------+

Top non-repeatable levels by time:
  Lair:2: 1625 daAuts
  Lair:3: 1593 daAuts
    D:10: 1515 daAuts
     D:3: 1505 daAuts
     D:9: 1194 daAuts
     D:4: 1163 daAuts
  Lair:1: 1033 daAuts
     D:1: 979 daAuts
   Orc:2: 933 daAuts
     D:8: 916 daAuts
     D:2: 878 daAuts
   Sewer: 831 daAuts
     D:6: 805 daAuts
     D:5: 608 daAuts
     D:7: 598 daAuts
